[Event "Team 45 45 League T44"]
[Site "Internet Chess Club"]
[Date "2010.02.12"]
[Round "2"]
[White "Salvatore"]
[Black "UnderRated"]
[Result "1-0"]
[WhiteElo "1689"]
[BlackElo "1651"]
[Opening "Trompowsky attack (Ruth, Opocenský opening)"]
[ECO "A45"]
[Time "18:03:50"]
[TimeControl "2700+45"]

1. d4 Nf6 2. Bg5 Ne4 3. Bf4 g5 4. Bc1 h6 5. f3 Nf6 6. e4 d6 7. Bc4 e6 8. Ne2 d5
9. Bb3 dxe4 10. O-O exf3 11. Rxf3 Bg7 12. c3 c5 13. Nd2 cxd4 14. Nxd4 O-O 15.
Rf1 b6 16. N2f3 Ne4 17. Qe2 Nc5 18. Bc2 Ba6 19. Nb5 Qd7 20. c4 Bb7 21. Be3 a6
22. Rad1 Qe7 23. Nc3 Nc6 24. Nxg5 hxg5 25. Qh5 f5 26. Bxg5 Qe8 27. Qh4 Ne5 28.
b4 Ng6 29. Qh3 Nd7 30. Rd2 Nde5 31. Rfd1 Nf7 32. Be3 Bxc3 33. Rd7 Bd5 34. Rxf7
Qxf7 35. cxd5 e5 36. d6 Qd7 37. Bb3+ Kg7 38. Qh6+ Kf6 39. Bg5# {Black
checkmated} 1-0

[Event "Team 45 45 League T44"]
[Site "Internet Chess Club"]
[Date "2010.02.12"]
[Round "2"]
[White "dabodhi"]
[Black "CKNIGHT3"]
[Result "0-1"]
[WhiteElo "1202"]
[BlackElo "1477"]
[Opening "Sicilian: Najdorf"]
[ECO "B90"]
[Time "21:31:53"]
[TimeControl "2700+45"]

1. e4 c5 2. Nf3 d6 3. d4 cxd4 4. Nxd4 Nf6 5. Nc3 a6 6. f3 e6 7. Be3 Be7 8. Bd3
Qc7 9. O-O Nbd7 10. Na4 b5 11. Nc3 Bb7 12. b4 Qxc3 13. Nb3 O-O 14. Bd2 Qc7 15.
Na5 Ne5 16. Rc1 Qb6+ 17. Kh1 Nxd3 18. cxd3 Rfc8 19. Ra1 Nd7 20. Qe1 Bc6 21. Qg3
Bf6 22. Rab1 Ne5 23. Rb3 Qd8 24. f4 Bh4 25. Qh3 Qf6 26. g3 Nxd3 27. Nxc6 Rxc6
28. Rxd3 Qg6 29. gxh4 Qxe4+ 30. Kg1 Qg6+ 31. Rg3 Qe4 32. f5 exf5 33. h5 h6 34.
Bxh6 Qd4+ 35. Kg2 Rc2+ 36. Kh1 Qe4+ 37. Rgf3 gxh6 38. Qg3+ Kh7 39. Qxd6 Rc1 40.
Rxc1 Qxf3+ 41. Kg1 Rg8+ 42. Qg6+ Rxg6+ 43. hxg6+ Kxg6 44. Rf1 Qe3+ 45. Kg2 Qd2+
46. Rf2 Qxb4 47. Kg3 Qg4# {White checkmated} 0-1

[Event "Team 45 45 League T44"]
[Site "Internet Chess Club"]
[Date "2010.02.14"]
[Round "2"]
[White "quaker"]
[Black "Tamarin"]
[Result "0-1"]
[WhiteElo "1317"]
[BlackElo "1511"]
[Opening "Ruy Lopez: Berlin defense, 4.O-O, d6"]
[ECO "C66"]
[Time "04:31:49"]
[TimeControl "2700+45"]

1. e4 e5 2. Nf3 Nc6 3. Bb5 Nf6 4. O-O d6 5. Re1 Bg4 6. h3 Bxf3 7. Qxf3 Be7 8. c3
a6 9. Ba4 b5 10. Bb3 O-O 11. Qe3 d5 12. exd5 Nxd5 13. Bxd5 Qxd5 14. d4 exd4 15.
cxd4 Bd6 16. Nc3 Qxd4 17. Bd2 Qxe3 18. Bxe3 Nb4 19. Re2 Rfe8 20. a3 Nc6 21. Rae1
Rad8 22. Bf4 Rxe2 23. Nxe2 Re8 24. Bxd6 cxd6 25. Kf1 d5 26. Rd1 Ne7 27. Nf4 Rd8
28. Re1 Kf8 29. Ke2 Ng6 30. Nxg6+ fxg6 31. Kd3 Kf7 32. Kd4 Rc8 33. Re5 Rc2 34.
Rxd5 Rxf2 35. Rd7+ Kf8 36. Ra7 Rxg2 37. Rxa6 Rxb2 38. Kc5 Rh2 39. Kxb5 Rxh3 40.
a4 g5 41. a5 g4 42. Ra8+ Kf7 43. a6 Ra3 44. Ra7+ Kf6 45. Rd7 g3 46. Rd2 h5 47.
Kb6 h4 48. a7 h3 49. Rd3 Rxa7 50. Kxa7 g2 51. Rf3+ Ke5 {White resigns} 0-1

[Event "Team 45 45 League T44"]
[Site "Internet Chess Club"]
[Date "2010.02.12"]
[Round "2"]
[White "vishnugupta"]
[Black "eramos"]
[Result "1-0"]
[WhiteElo "1340"]
[BlackElo "1022"]
[Opening "Queen's pawn"]
[ECO "A40"]
[Time "19:13:06"]
[TimeControl "2700+45"]

1. d4 e6 2. Bf4 d5 3. Nd2 Nf6 4. Ngf3 Bb4 5. e3 Nc6 6. c3 Ba5 7. Ne5 O-O 8. Nxc6
bxc6 9. Be5 Bb7 10. Bd3 g6 11. Qf3 c5 12. Bxf6 Qe8 13. Be5 f5 14. Qh3 Qf7 15.
Nf3 cxd4 16. Bxd4 c5 17. Ng5 h5 18. Nxf7 Rxf7 19. Bxc5 Bc6 20. Qg3 Kh7 21. Kd2
Rc8 22. f4 Bd7 23. Bd4 Bb6 24. Be5 a5 25. Ba6 Rc5 26. Bd4 Rc6 27. Bb7 Rd6 28.
Be5 Rc6 29. Bxc6 Bxc6 30. Bd4 Bc7 31. b4 axb4 32. cxb4 Bd6 33. Bc3 Bb5 34. a4
Bc4 35. a5 Ra7 36. Qg5 Be7 37. Bf6 Bf8 38. Be5 Bh6 39. Qf6 Bb5 40. Qxe6 Ra8 41.
Rhc1 Ba6 42. Rc7+ Bg7 43. Rxg7+ Kh6 44. Qxg6# {Black checkmated} 1-0

[Event "Team 45 45 League T44"]
[Site "Internet Chess Club"]
[Date "2010.02.12"]
[Round "2"]
[White "mickeys"]
[Black "chess92192"]
[Result "1/2-1/2"]
[WhiteElo "1886"]
[BlackElo "1996"]
[Opening "Queen's Indian: 4.Nc3"]
[ECO "E12"]
[Time "19:00:41"]
[TimeControl "2700+45"]

1. d4 Nf6 2. Nf3 e6 3. c4 b6 4. Nc3 Bb7 5. e3 d5 6. cxd5 Nxd5 7. Bd3 Nxc3 8.
bxc3 Nd7 9. O-O c5 10. Qe2 Qc7 11. e4 Be7 12. Bg5 Bxg5 13. Nxg5 O-O 14. e5 g6
15. Be4 h6 16. Bxb7 Qxb7 17. Ne4 cxd4 18. cxd4 Qd5 19. Rfd1 Rac8 20. Nd6 Rc6 21.
Qe3 Kg7 22. Qa3 a5 23. Rab1 Rb8 24. Rb5 Rc5 25. Rxc5 bxc5 26. Qa4 Nb6 27. Qxa5
Nc4 28. Qc7 Rf8 29. Qxc5 Qxc5 30. dxc5 Nxe5 31. a4 Ra8 32. Ra1 Ra5 33. Nb5 Nc6
34. f3 Kf6 35. Kf2 Ke5 36. Ke3 Kd5 37. Nd6 Ra7 38. Nc8 Rc7 39. Rd1+ Kxc5 40.
Rc1+ Kb4 41. Nb6 Ka5 42. Rb1 Nb4 43. Kd4 Nc2+ 44. Ke5 Rc6 45. Rb5+ Ka6 46. Nd7
Rc4 47. Nc5+ Ka7 48. a5 Nd4 49. Rb7+ Ka8 50. Rc7 f6+ 51. Kxf6 Nb5 52. Rc6 Na7
53. Rc7 Nb5 54. Rc8+ Ka7 55. Kxe6 g5 56. Kd5 Rc2 57. Rh8 Rxg2 58. Rxh6 Rd2+ 59.
Ke4 Nc3+ 60. Ke3 Rd5 61. Ra6+ Kb8 62. Ne4 Nb5 63. Rg6 Nc7 64. Rxg5 Rd1 65. h4
Rh1 66. h5 Ne6 67. Re5 Ng7 68. Nf6 Re1+ 69. Kf4 Ne6+ 70. Kf5 Nd4+ 71. Kf4 Ne6+
72. Rxe6 Rxe6 73. Kg5 Re3 74. f4 Rg3+ 75. Kf5 Rh3 76. Kg6 Rg3+ 77. Kf7 Rf3 78.
h6 Rxf4 79. h7 Rh4 80. Kg6 Rxh7 81. Kxh7 Ka7 {Game drawn by mutual agreement}
1/2-1/2

[Event "Team 45 45 League T44"]
[Site "Internet Chess Club"]
[Date "2010.02.14"]
[Round "2"]
[White "hewdondada"]
[Black "j65536d"]
[Result "1-0"]
[WhiteElo "1811"]
[BlackElo "1699"]
[Opening "Trompowsky attack (Ruth, Opocenský opening)"]
[ECO "A45"]
[Time "21:04:34"]
[TimeControl "2700+45"]

1. d4 Nf6 2. Bg5 Ne4 3. Bf4 d5 4. f3 Nd6 5. Nc3 c6 6. e4 dxe4 7. fxe4 e6 8. Nf3
Be7 9. Bd3 Nd7 10. O-O O-O 11. Qe1 Ne8 12. Rd1 Ndf6 13. e5 Nd5 14. Nxd5 exd5 15.
Qg3 g6 16. c4 Ng7 17. Bh6 Re8 18. Ng5 Be6 19. Qh4 Bf5 20. Bxf5 Nxf5 21. Rxf5
gxf5 22. Qg3 f4 23. Qg4 Qc8 24. Ne6+ {Black resigns} 1-0

[Event "Team 45 45 League T44"]
[Site "Internet Chess Club"]
[Date "2010.02.13"]
[Round "2"]
[White "OGO"]
[Black "dscvdchk"]
[Result "1/2-1/2"]
[WhiteElo "1514"]
[BlackElo "1592"]
[Opening "Petrov: Cozio (Lasker) attack"]
[ECO "C42"]
[Time "16:03:24"]
[TimeControl "2700+45"]

1. e4 e5 2. Nf3 Nf6 3. Nxe5 d6 4. Nf3 Nxe4 5. Qe2 Qe7 6. d3 Nf6 7. Qxe7+ Bxe7 8.
Nc3 c6 9. Be3 Nbd7 10. Be2 Ng4 11. O-O Nxe3 12. fxe3 Nf6 13. e4 O-O 14. Rae1 Ng4
15. Bd1 h6 16. h3 Ne5 17. d4 Nxf3+ 18. Bxf3 Bh4 19. Re2 b6 20. d5 Ba6 21. dxc6
Bxe2 22. Bxe2 Rfc8 23. Ba6 Rxc6 24. Bb7 Rxc3 25. Bxa8 Rxc2 26. Bd5 Bf6 27. b4
Kf8 28. Rd1 Ke7 29. Bb3 Rc3 30. Kf2 Bh4+ 31. Ke2 Bg3 32. Rd3 Rxd3 33. Kxd3 f6
34. a4 {Game drawn by mutual agreement} 1/2-1/2

[Event "Team 45 45 League T44"]
[Site "Internet Chess Club"]
[Date "2010.02.13"]
[Round "2"]
[White "HumanTornado"]
[Black "Sanders25"]
[Result "0-1"]
[WhiteElo "1919"]
[BlackElo "1882"]
[Opening "English: Neo-Catalan declined"]
[ECO "A14"]
[Time "23:07:07"]
[TimeControl "2700+45"]

1. Nf3 d5 2. c4 e6 3. g3 Nf6 4. Bg2 Be7 5. O-O O-O 6. Qc2 c5 7. cxd5 Nxd5 8. Nc3
Nc6 9. a3 b6 10. e3 Bb7 11. d4 cxd4 12. Nxd5 Qxd5 13. Rd1 Rac8 14. Nxd4 Qxg2+
15. Kxg2 Nxd4+ {White resigns} 0-1

[Event "Team 45 45 League T44"]
[Site "Internet Chess Club"]
[Date "2010.02.13"]
[Round "2"]
[White "RamRock"]
[Black "Constrictor"]
[Result "1/2-1/2"]
[WhiteElo "1801"]
[BlackElo "1860"]
[Opening "Alekhine's defense: Scandinavian variation"]
[ECO "B02"]
[Time "13:30:15"]
[TimeControl "2700+45"]

1. e4 Nf6 2. Nc3 d5 3. e5 Ne4 4. Nce2 f6 5. d3 Ng5 6. f4 Nf7 7. d4 Nc6 8. Nf3
Be6 9. Ng3 Qd7 10. Bd3 g6 11. a3 Bg4 12. Be3 O-O-O 13. b4 fxe5 14. fxe5 Bh6 15.
Bxh6 Nxh6 16. Qd2 Nf5 17. Nxf5 Bxf5 18. O-O-O Bxd3 19. Qxd3 Qg4 20. Rd2 Rhf8 21.
Rf1 Qe4 22. Rff2 Qxd3 23. Rxd3 g5 24. Rdd2 h6 25. c3 e6 26. h3 Ne7 27. Rd1 Nf5
28. Nh2 Ne3 29. Rxf8 Rxf8 30. Rd2 Nf1 31. Nxf1 Rxf1+ 32. Rd1 Rf2 33. Rd2 Rf1+
34. Rd1 Rf2 35. Rd2 Rf1+ {Game drawn by repetition} 1/2-1/2

[Event "Team 45 45 League T44"]
[Site "Internet Chess Club"]
[Date "2010.02.13"]
[Round "2"]
[White "ghostfire"]
[Black "jps7"]
[Result "1-0"]
[WhiteElo "1779"]
[BlackElo "1698"]
[Opening "QGD: 4.Bg5 Be7, 5.e3 O-O"]
[ECO "D53"]
[Time "21:00:20"]
[TimeControl "2700+45"]

1. d4 d5 2. c4 e6 3. Nc3 Nf6 4. Bg5 Be7 5. e3 O-O 6. cxd5 exd5 7. Bd3 h6 8. Bh4
b6 9. Qb3 Bb7 10. Nf3 Nbd7 11. O-O c5 12. Qc2 c4 13. Be2 a6 14. b3 b5 15. Rab1
Ne4 16. Bxe7 Qxe7 17. bxc4 dxc4 18. Bxc4 Nxc3 19. Qxc3 Bxf3 20. gxf3 bxc4 21.
Qxc4 Qg5+ 22. Kh1 Nf6 23. Rg1 Qh5 24. Rg3 Rfc8 25. Qd3 a5 26. Rbg1 g5 27. f4 Qg6
28. Rxg5 hxg5 29. Rxg5 Rc1+ 30. Kg2 Kg7 31. Rxg6+ fxg6 32. e4 Rac8 33. e5 Nd5
34. Qe4 Ne7 35. Qb7 R8c7 36. Qb6 Nd5 37. Qxa5 Nxf4+ 38. Kf3 Ne6 39. d5 Nd4+ 40.
Kg2 Ne2 41. d6 R7c5 42. Qa7+ Kh6 43. d7 R5c3 44. f3 Nf4+ 45. Kg3 Ne6 46. Qb6 Rc6
47. d8=Q Nxd8 48. Qxd8 Rc8 49. Qd2+ Kg7 50. Qd7+ Kh6 51. e6 R8c7 52. Qd8 Rc8 53.
e7 R8c2 54. Qf8+ Kg5 55. h4+ Kh5 56. Qh8# {Black checkmated} 1-0

[Event "Team 45 45 League T44"]
[Site "Internet Chess Club"]
[Date "2010.02.15"]
[Round "2"]
[White "UnderRated"]
[Black "Monsieur"]
[Result "1-0"]
[WhiteElo "1663"]
[BlackElo "1549"]
[Opening "Bishop's opening: Berlin defense"]
[ECO "C24"]
[Time "19:30:36"]
[TimeControl "2700+45"]

1. e4 e5 2. Bc4 Nf6 3. d3 d5 4. exd5 Nxd5 5. Ne2 Be7 6. O-O O-O 7. Nbc3 c6 8. a3
Be6 9. Ba2 Nd7 10. b4 N7f6 11. f4 exf4 12. Nxd5 Nxd5 13. Nxf4 Nxf4 14. Bxf4 Bxa2
15. Rxa2 Qd5 16. Ra1 Bf6 17. Rb1 a5 18. bxa5 Rxa5 19. Rxb7 Rxa3 20. Be3 c5 21.
Rb5 Bd4 22. Bxd4 Qxd4+ 23. Kh1 Ra6 24. Qh5 Rc6 25. h3 Qc3 26. Rb7 g6 27. Qd5 Rf6
28. Rxf6 Qxf6 29. Qxc5 Re8 30. Rb1 Re2 31. Rb8+ {Black resigns} 1-0

[Event "Team 45 45 League T44"]
[Site "Internet Chess Club"]
[Date "2010.02.15"]
[Round "2"]
[White "QueensCounselor"]
[Black "imgr8"]
[Result "1/2-1/2"]
[WhiteElo "2098"]
[BlackElo "2035"]
[Opening "Benkö gambit half accepted"]
[ECO "A57"]
[Time "13:01:47"]
[TimeControl "2700+45"]

1. d4 Nf6 2. c4 c5 3. d5 b5 4. cxb5 a6 5. b6 Qxb6 6. Nc3 g6 7. e4 d6 8. Nf3 Bg7
9. Nd2 O-O 10. Be2 Bd7 11. Nc4 Qb7 12. O-O Bb5 13. Qb3 Ra7 14. Rb1 Bxc4 15. Bxc4
Ne8 16. Bg5 h6 17. Bh4 g5 18. Bg3 Nc7 19. Qc2 Nb5 20. f4 Nd4 21. Qd2 Qb4 22. Qd3
Nd7 23. a3 Qb7 24. b4 Qc8 25. Na4 cxb4 26. Rxb4 Nc5 27. Nxc5 dxc5 28. Rb6 a5 29.
Rfb1 Qg4 30. fxg5 hxg5 31. Rb7 Rxb7 32. Rxb7 Re8 33. d6 e6 34. d7 Rd8 35. Bd6
Nc6 36. Rc7 Bd4+ 37. Kh1 Ne5 38. Bxe5 Bxe5 39. Rxc5 Qf4 40. g3 Qc1+ 41. Kg2 Qb2+
42. Kh3 Kg7 43. Rc8 Bf6 44. Bb5 Qf2 45. Rxd8 Bxd8 46. Qf1 Qe3 47. Qd3 Qf2 48.
Qe2 {Game drawn by mutual agreement} 1/2-1/2

[Event "Team 45 45 League T44"]
[Site "Internet Chess Club"]
[Date "2010.02.15"]
[Round "2"]
[White "fledermaus"]
[Black "whale5970"]
[Result "1/2-1/2"]
[WhiteElo "1920"]
[BlackElo "1704"]
[Opening "QGD: 5...c6"]
[ECO "D51"]
[Time "14:00:13"]
[TimeControl "2700+45"]

1. d4 e6 2. c4 d5 3. Nc3 Nf6 4. Bg5 Nbd7 5. e3 c6 6. Rc1 b6 7. Nf3 Bd6 8. Qa4
Bb7 9. cxd5 exd5 10. Bxf6 Nxf6 11. Ne5 Bxe5 12. dxe5 Nd7 13. Qg4 O-O 14. f4 f6
15. e6 f5 16. Qh3 Nc5 17. b4 Nxe6 18. Bd3 Qf6 19. O-O Rac8 20. g4 Qg6 21. g5 h6
22. Kf2 hxg5 23. Rg1 g4 24. Qg3 Qh6 25. Ne2 Rcd8 26. Nd4 Nxd4 27. exd4 Qf6 28.
h3 Qxd4+ 29. Kf1 Rde8 30. Be2 Qe3 31. Qxe3 Rxe3 32. hxg4 fxg4 33. Rxg4 Re4 34.
a3 Rfxf4+ 35. Rxf4 Rxf4+ 36. Kg2 g5 37. Kg3 Kg7 38. Bg4 Re4 39. Bd7 Rc4 40. Re1
Kf7 41. Be6+ Kf6 42. Bg4 Re4 43. Rf1+ Ke5 44. Rf7 Ba6 45. Re7+ Kd4 46. Rxa7 Re3+
47. Kf2 Rxa3 48. b5 Ra2+ 49. Kg3 Ra3+ 50. Kf2 Ra2+ 51. Kg3 Ra3+ 52. Kf2 {Game
drawn by repetition} 1/2-1/2

[Event "Team 45 45 League T44"]
[Site "Internet Chess Club"]
[Date "2010.02.14"]
[Round "2"]
[White "Walker42"]
[Black "whitetiger"]
[Result "1-0"]
[WhiteElo "1705"]
[BlackElo "1876"]
[Opening "Sicilian: Najdorf, 7...Be7 main line"]
[ECO "B99"]
[Time "14:00:09"]
[TimeControl "2700+45"]

1. e4 c5 2. Nf3 d6 3. d4 cxd4 4. Nxd4 Nf6 5. Nc3 a6 6. Bg5 e6 7. f4 Be7 8. Qf3
Nbd7 9. O-O-O Qc7 10. g4 b5 11. Bxf6 Nxf6 12. g5 Nd7 13. f5 Bxg5+ 14. Kb1 Ne5
15. Qh5 Qe7 16. Nxe6 g6 17. Qxg5 fxe6 18. f6 Nf7 19. Qf4 Qc7 20. Bg2 b4 21. e5
bxc3 22. Bxa8 d5 23. Qa4+ Bd7 24. Qa3 Bb5 25. Bxd5 exd5 26. e6 Bc4 27. exf7+
Kxf7 28. Rhe1 Re8 29. Rxe8 Kxe8 30. Re1+ {Black resigns} 1-0

[Event "Team 45 45 League T44"]
[Site "Internet Chess Club"]
[Date "2010.02.21"]
[Round "2"]
[White "Ser-Enigma"]
[Black "Merciful"]
[Result "1-0"]
[WhiteElo "2138"]
[BlackElo "2142"]
[Opening "Caro-Kann: Tartakower (fantasy) variation"]
[ECO "B12"]
[Time "10:19:43"]
[TimeControl "2700+45"]

1. e4 c6 2. d4 d5 3. f3 dxe4 4. fxe4 e5 5. Nf3 Bg4 6. Bc4 Nd7 7. O-O Ngf6 8. c3
Bd6 9. Qb3 O-O 10. Bg5 Qc7 11. Nbd2 b5 12. Bd3 a6 13. a4 Rab8 14. axb5 axb5 15.
Ra6 Ra8 16. Qa2 Rxa6 17. Qxa6 Rb8 18. Bxf6 Nxf6 19. dxe5 Bc5+ 20. Kh1 Bc8 21.
Qa1 Ng4 22. Qe1 Nxe5 23. Nxe5 Qxe5 24. Nf3 Qh5 25. e5 Be6 26. b4 Bb6 27. Qe4 Bd5
28. Qf4 Bc7 29. Be4 Bxe4 30. Qxe4 Qg6 31. Qxg6 hxg6 32. Re1 Re8 33. Kg1 Re6 34.
Kf1 Kf8 35. g3 f6 36. exf6 Rxf6 37. Kg2 Bb6 38. Re4 Rd6 39. c4 bxc4 40. Rxc4 Rf6
41. Ne5 Rf2+ 42. Kh3 Rb2 43. Nxg6+ Kf7 44. Ne5+ Kg8 45. Kg4 Rxh2 46. Rxc6 Bf2
47. Rc2 Bg1 48. Rxh2 Bxh2 49. Nf3 Bxg3 50. Kxg3 Kf7 51. Kf4 Ke6 52. Ne5 Kd5 53.
Nd3 Kc4 54. Kg5 Kb5 55. Kg6 Kc4 56. Kxg7 Kb5 57. Kf6 Kc6 58. Ke5 Kb5 59. Kd4 Kb6
60. Kc4 Kc6 61. b5+ Kb6 62. Kb4 Kc7 63. Kc5 Kb7 64. b6 Kb8 65. Kc6 Ka8 66. b7+
Kb8 67. Nf2 Ka7 68. Kc7 {Black resigns} 1-0

[Event "Team 45 45 League T44"]
[Site "Internet Chess Club"]
[Date "2010.02.13"]
[Round "2"]
[White "MeoPatacca"]
[Black "mcplayerus"]
[Result "0-1"]
[WhiteElo "1873"]
[BlackElo "2025"]
[Opening "Queen's pawn: London system"]
[ECO "A45"]
[Time "16:04:19"]
[TimeControl "2700+45"]

1. d4 Nf6 2. Bf4 d5 3. e3 e6 4. c3 Bd6 5. Nf3 O-O 6. Ne5 c5 7. Bd3 Nc6 8. Nd2
cxd4 9. exd4 Qc7 10. Qe2 Bd7 11. O-O Rac8 12. h3 a6 13. Rfe1 Na7 14. Nxd7 Qxd7
15. Bxd6 Qxd6 16. Nb3 Nc6 17. Nc5 Rc7 18. Rac1 Qf4 19. Qe3 Qxe3 20. Rxe3 Nd7 21.
b4 Rfc8 22. a4 Nxc5 23. bxc5 g6 24. f4 h5 25. Rb1 Kg7 26. Re2 Kf6 27. Reb2 Na5
28. h4 Rh8 29. Rb6 Ke7 30. Re1 Rc6 31. Reb1 Rxb6 32. Rxb6 Rc8 33. Kf2 Kd7 34.
Ke3 Kc7 35. g3 Rd8 36. Kf3 Nc6 37. Kf2 Rg8 38. Rb1 Rb8 39. Rb6 Rg8 40. Rb1 Ne7
41. Kf3 Rh8 42. Rb6 Rd8 43. Bc2 Ng8 44. Bd3 Nh6 45. Bc2 Ng4 46. Bd3 Nf6 47. Bc2
Nd7 48. Rb1 b6 49. cxb6+ Nxb6 50. Bd3 Nxa4 51. Bxa6 Nb6 52. Rb5 Nd7 53. Rb7+ Kc6
54. Rb3 Nb6 55. Bb5+ Kc7 56. g4 hxg4+ 57. Kxg4 f6 58. Bd3 Rg8 59. Rb2 Nc8 60.
Rg2 Ne7 61. Kh3 Kd6 62. h5 gxh5 63. Rxg8 Nxg8 64. Kh4 f5 65. Kxh5 Nf6+ 66. Kg6
Ne4 67. c4 Nf2 68. c5+ Ke7 69. Bxf5 exf5 70. Kxf5 Nd3 71. Kg4 Nb4 72. Kf5 Nc6
73. Kg4 Kf6 74. Kf3 Kf5 75. Ke3 Kg4 76. f5 Kxf5 77. Kd3 Kf4 {White resigns} 0-1

[Event "Team 45 45 League T44"]
[Site "Internet Chess Club"]
[Date "2010.02.12"]
[Round "2"]
[White "AronT"]
[Black "MegaFish"]
[Result "1/2-1/2"]
[WhiteElo "1991"]
[BlackElo "1874"]
[Opening "Kevitz-Trajkovich defense"]
[ECO "A50"]
[Time "19:41:29"]
[TimeControl "2700+45"]

1. d4 Nf6 2. c4 Nc6 3. Nc3 e5 4. d5 Ne7 5. e4 Ng6 6. Bd3 Bc5 7. Nge2 d6 8. O-O
Ng4 9. h3 h5 10. Na4 Bxf2+ 11. Rxf2 Nxf2 12. Kxf2 Qh4+ 13. Ng3 Nf4 14. Bf1 O-O
15. Nc3 f5 16. Qf3 fxe4 17. Nxe4 Nxh3+ 18. gxh3 Rxf3+ 19. Kxf3 Bxh3 20. Bxh3
Qxh3 21. Ke2 Qg4+ 22. Kd3 Rf8 23. Be3 h4 24. Ne2 Rf3 25. Re1 h3 26. Rg1 h2 27.
Rxg4 h1=Q 28. N4c3 Qh3 29. Re4 g5 30. Ng1 Qf1+ 31. Nge2 Qh3 32. Ng1 Qf1+ 33.
Nge2 {Game drawn by mutual agreement} 1/2-1/2

[Event "Team 45 45 League T44"]
[Site "Internet Chess Club"]
[Date "2010.02.13"]
[Round "2"]
[White "GreatBendini"]
[Black "smitty120"]
[Result "0-1"]
[WhiteElo "1791"]
[BlackElo "1936"]
[Opening "KGA: bishop's gambit"]
[ECO "C33"]
[Time "12:00:16"]
[TimeControl "2700+45"]

1. e4 e5 2. f4 exf4 3. Bc4 Qe7 4. Nc3 Nf6 5. d3 Nc6 6. Nf3 d6 7. h3 h6 8. Bxf4
Nh5 9. Nd5 Qd8 10. Qd2 Nxf4 11. Qxf4 Be6 12. O-O Qd7 13. Bb5 O-O-O 14. Nd4 a6
15. Nxc6 bxc6 16. Bxa6+ Kb8 17. Nb4 d5 18. exd5 cxd5 19. a4 Bd6 20. Qd2 c6 21.
d4 Ka7 22. Be2 Rb8 23. c3 c5 24. Na6 c4 25. Nxb8 Rxb8 26. Rfb1 Qc7 27. Bd1 Bh2+
28. Kf1 Re8 29. b4 Bxh3 30. gxh3 Qg3 31. Qf2 Qxh3+ 32. Qg2 Re1+ 33. Kf2 Qe3#
{White checkmated} 0-1

[Event "Team 45 45 League T44"]
[Site "Internet Chess Club"]
[Date "2010.02.14"]
[Round "2"]
[White "medsurg"]
[Black "jericho121"]
[Result "0-1"]
[WhiteElo "1393"]
[BlackElo "1512"]
[Opening "Pirc defense"]
[ECO "B07"]
[Time "16:02:29"]
[TimeControl "2700+45"]

1. e4 d6 2. d4 Nf6 3. Bd3 Nc6 4. Nf3 Bg4 5. c3 e5 6. Be3 g6 7. Nbd2 Bg7 8. Qa4
O-O 9. d5 Ne7 10. O-O Nh5 11. Ng5 h6 12. f3 Bd7 13. Qd1 hxg5 14. Qe1 Nf4 15.
Bxf4 gxf4 16. Be2 f5 17. g3 fxe4 18. Nxe4 Nxd5 19. Bc4 c6 20. Nxd6 Bh3 21. Nxb7
Qb6+ {White resigns} 0-1

[Event "Team 45 45 League T44"]
[Site "Internet Chess Club"]
[Date "2010.02.12"]
[Round "2"]
[White "scottrugby"]
[Black "fuzzface"]
[Result "1/2-1/2"]
[WhiteElo "1573"]
[BlackElo "1420"]
[Opening "Sicilian: closed"]
[ECO "B23"]
[Time "15:30:41"]
[TimeControl "2700+45"]

1. e4 c5 2. Nc3 e6 3. f4 Nc6 4. Nf3 d5 5. Bb5 a6 6. Bxc6+ bxc6 7. e5 d4 8. Ne4
d3 9. O-O c4 10. c3 h6 11. Qa4 Qb6+ 12. Nd4 f5 13. exf6 Nxf6 14. Nxf6+ gxf6 15.
Qxc4 Bc5 16. Kh1 Bxd4 17. cxd4 Qb5 18. b3 Qxc4 19. bxc4 Rb8 20. Rf3 Rb4 21. d5
Rxc4 22. dxe6 Bxe6 23. g3 Bd5 24. Rb1 Bxf3+ 25. Kg1 Kd7 26. Kf2 Bd5 27. Rb7+ Ke6
28. Ba3 Re8 29. Ke3 Ra4 30. Bc5 Bxa2 31. Kxd3 Rd8+ 32. Ke3 Re8 33. d4 Bd5 34. g4
Bc4 35. f5+ Kd5+ 36. Kf4 Re4+ 37. Kg3 Rxd4 38. Bxd4 Kxd4 39. Rd7+ Bd5 40. Kh4
Ra3 41. Kh5 Rh3+ 42. Kg6 Rxh2 43. Kxf6 h5 44. Rh7 Bf3 45. g5 Rg2 46. g6 Bd5 47.
Rxh5 c5 48. Rh4+ Ke3 49. Ra4 c4 50. Ke7 Ke4 51. f6 Rxg6 52. Rxa6 Rg8 53. Ra1 Ke5
54. Re1+ Kf5 55. Rf1+ Ke5 56. Re1+ Kd4 57. Rd1+ Kc5 58. Rc1 Rb8 59. Rf1 Rb7+ 60.
Kf8 Kd6 61. Rf5 Rf7+ 62. Ke8 Ke6 63. Rxd5 Kxd5 64. Kxf7 c3 65. Kg7 c2 66. f7
c1=Q 67. f8=Q Qc3+ 68. Qf6 {Game drawn by mutual agreement} 1/2-1/2

[Event "Team 45 45 League T44"]
[Site "Internet Chess Club"]
[Date "2010.02.12"]
[Round "2"]
[White "Newcastler"]
[Black "Just-Jim"]
[Result "0-1"]
[WhiteElo "1350"]
[BlackElo "1352"]
[Opening "QGD Slav: exchange variation"]
[ECO "D13"]
[Time "20:00:08"]
[TimeControl "2700+45"]

1. d4 d5 2. c4 c6 3. Nf3 Nf6 4. cxd5 cxd5 5. Nc3 e6 6. a3 h6 7. e3 a6 8. Bd3 Nc6
9. O-O Bd6 10. e4 dxe4 11. Nxe4 Nxe4 12. Bxe4 Qc7 13. d5 exd5 14. Bxd5 O-O 15.
Re1 Bg4 16. Qd3 Bxf3 17. Qxf3 Bxh2+ 18. Kh1 Bd6 19. Qc3 Rfe8 20. Bd2 Be5 21. Qc2
Rab8 22. Rac1 Re7 23. b4 Qd7 24. Qd3 Qg4 25. Re3 Qh4+ 26. Rh3 Qd4 27. Rf1 Qxd3
28. Rxd3 Bb2 29. Bf4 Be5 30. Bxe5 Nxe5 31. Re3 Kh8 32. f4 Rd8 33. Bb3 Rd3 34.
Rxd3 Nxd3 35. Kh2 Kg8 36. Bc2 Nb2 37. f5 Re2 38. Bb3 Re3 39. Bd5 Rxa3 40. Bxb7
Ra4 41. Re1 Rxb4 42. Bxa6 Rf4 43. Bc8 Nc4 44. Kg3 Rd4 45. Re8+ Kh7 46. Bb7 Nd6
47. Rd8 Nxf5+ 48. Kh3 Rxd8 49. Be4 g6 50. g4 Re8 51. Bc6 Re3+ 52. Kh2 Nd4 53.
Bb7 f5 {White resigns} 0-1

[Event "Team 45 45 League T44"]
[Site "Internet Chess Club"]
[Date "2010.02.12"]
[Round "2"]
[White "OutofBook"]
[Black "Toalla"]
[Result "0-1"]
[WhiteElo "1238"]
[BlackElo "1259"]
[Opening "Sicilian: Pelikan (Lasker/Sveshnikov) variation"]
[ECO "B33"]
[Time "18:00:21"]
[TimeControl "2700+45"]

1. e4 c5 2. Nf3 Nc6 3. d4 cxd4 4. Nxd4 Nf6 5. Nc3 e5 6. Nxc6 bxc6 7. Bc4 Bb4 8.
Bd2 Bb7 9. Qe2 O-O 10. O-O-O Bxc3 11. Bxc3 Qc7 12. g4 d5 13. exd5 cxd5 14. Bb3
d4 15. Bb4 Rfc8 16. Rhe1 a5 17. Ba3 a4 18. Bxf7+ Kxf7 19. Rd2 Re8 20. f3 Nd5 21.
Qe4 g6 22. g5 Nf4 23. h4 Bxe4 24. Rxe4 Rac8 25. Kb1 Re6 26. Rde2 Nxe2 {White
resigns} 0-1

[Event "Team 45 45 League T44"]
[Site "Internet Chess Club"]
[Date "2010.02.13"]
[Round "2"]
[White "ElmerHo"]
[Black "arconia"]
[Result "0-1"]
[WhiteElo "1503"]
[BlackElo "1358"]
[Opening "Sicilian, Szén (`anti-Taimanov') variation"]
[ECO "B44"]
[Time "20:00:29"]
[TimeControl "2700+45"]

1. e4 c5 2. Nf3 Nc6 3. d4 cxd4 4. Nxd4 e6 5. Nb5 d6 6. c4 a6 7. N5c3 Be7 8. Be2
Qc7 9. Na3 Nf6 10. O-O O-O 11. Be3 b6 12. Rc1 Bb7 13. Qb3 Ne5 14. f3 Rad8 15.
Bxb6 Qc6 16. Bxd8 Rxd8 17. Rfd1 Nh5 18. Qc2 Qc5+ 19. Kh1 Ng6 20. Rf1 Qg5 21. Rg1
Ng3+ {White resigns} 0-1

[Event "Team 45 45 League T44"]
[Site "Internet Chess Club"]
[Date "2010.02.13"]
[Round "2"]
[White "FatTire"]
[Black "houseofcook"]
[Result "1/2-1/2"]
[WhiteElo "1311"]
[BlackElo "1436"]
[Opening "Queen's pawn game"]
[ECO "D00"]
[Time "11:00:13"]
[TimeControl "2700+45"]

1. d4 Nf6 2. Nc3 d5 3. Nf3 Bf5 4. Bf4 c6 5. e3 e6 6. a3 h6 7. Bd3 Bxd3 8. Qxd3
Bd6 9. Ne5 Nh5 10. Ng6 Nxf4 11. exf4 Rg8 12. Ne5 Qf6 13. Nb5 Bxe5 14. dxe5 Qe7
15. Nd6+ Kf8 16. O-O Na6 17. b4 Rb8 18. f5 Nc7 19. a4 Ne8 20. fxe6 Nxd6 21. exd6
Qxe6 22. Qg3 Rd8 23. Rae1 Qxd6 24. Qe3 a6 25. Qb6 Qd7 26. Re2 Re8 27. Rfe1 Rxe2
28. Rxe2 g6 29. Qc5+ Kg7 30. h3 Re8 31. Qd4+ Kh7 32. Re3 Rxe3 33. fxe3 Qe7 34.
c3 f5 35. Qf4 h5 36. Kf2 Kg7 37. Kf3 Qe4+ 38. Qxe4 dxe4+ 39. Kf4 Kf6 40. h4 b6
41. c4 a5 42. b5 c5 43. g3 Ke6 44. Kg5 Kf7 45. Kh6 Kf6 46. Kh7 Kf7 {Game drawn
by mutual agreement} 1/2-1/2